 Dungeon Crawl Stone Soup version 0.17.2-1-ge4368a0 (webtiles) character file.

249 Goblin1989 the Insei (level 5, -3/41 HPs)
             Began as a Demonspawn Monk on Nov 20, 2016.
             Slain by an orc warrior
             ... wielding a +4 scimitar of electrocution
              (14 damage)
             ... on level 4 of the Dungeon.
             The game lasted 00:10:01 (2673 turns).

Goblin1989 the Insei (Demonspawn Monk)              Turns: 2673, Time: 00:10:01

Health: -3/41      AC:  8    Str: 17    XL:     5   Next: 86%
Magic:  5/5        EV: 12    Int: 11    God:
Gold:   246        SH:  0    Dex: 16    Spells: 0 memorised, 4 levels left

rFire  . . .     SeeInvis .       - Unarmed
rCold  . . .     Clarity  .     k - +0 ring mail
rNeg   . . .     SustAt   .     (no shield)
rPois  .         Gourm    .     l - +1 hat
rElec  .         Spirit   .     (no cloak)
rCorr  .         Warding  .     (no gloves)
rMut   +         Stasis   .     c - +0 pair of boots
MR     .....                    j - amulet of resist mutation
Stlth  +.........               (no ring)
                                (no ring)

@: mighty, not resistant to hostile enchantments, very unstealthy
A: icy blue scales 1, spiny 1
a: no special abilities


You were on level 4 of the Dungeon.
You were very hungry.

You visited 1 branch of the dungeon, and saw 4 of its levels.

You collected 286 gold pieces.
You spent 40 gold pieces at shops.

Inventory:

Hand Weapons
 a - a +2 hand axe of chopping
Missiles
 i - 7 silver tomahawks (quivered)
Armour
 c - a +0 pair of boots (worn)
 k - a +0 ring mail (worn)
 l - a +1 hat (worn)
Jewellery
 g - an uncursed amulet of resist corrosion
 j - an amulet of resist mutation (around neck)
 q - an uncursed amulet of guardian spirit
 u - an uncursed ring of flight {unknown}
Wands
 w - a wand of disintegration (11)
Scrolls
 d - a scroll of enchant weapon {unknown}
 m - 2 scrolls of noise {unknown}
 n - 2 scrolls of amnesia {unknown}
 o - 3 scrolls of remove curse {unknown}
 p - a scroll of random uselessness {unknown}
 r - a scroll of identify {unknown}
 t - a scroll of immolation {unknown}
 x - a scroll of recharging {unknown}
Potions
 e - a potion of invisibility {unknown}
 h - a potion of cure mutation {unknown}
 s - a potion of might
 v - a potion of poison {unknown}
 z - a potion of lignification {unknown}
Books
 y - a Necronomicon

   Spells                             Type                      Level
   a - Haunt                          Necromancy/Summoning         7
   b - Borgnjor's Revivification      Necromancy                   8
   c - Death's Door                   Charms/Necromancy            8
   d - Necromutation                  Transmutation/Necromancy     8
Comestibles
 b - 3 bread rations {@e1}
 f - 3 meat rations {@e2}


   Skills:
 - Level 3.0 Fighting
 - Level 2.6 Dodging
 - Level 1.7 Stealth
 + Level 6.5 Unarmed Combat


You had 4 spell levels left.
You didn't know any spells.

Dungeon Overview and Level Annotations

Branches:
Dungeon (4/15)
 Temple: D:4-7

Altars:
Dithmenos
Elyvilon
Fedhas
Nemelex Xobeh
Sif Muna
The Shining One

Shops:
D:4 *

Annotations:
D:4 exclusion: oklob plant


Innate Abilities, Weirdness & Mutations

You are partially covered in icy blue scales (AC +1).
You are partially covered in sharp spines.


Message History

You hit the orc warrior.
The orc warrior is moderately wounded.
You hit the orc warrior but do no damage.
The orc warrior is moderately wounded.
The orc warrior barely misses you.
You hit the orc warrior but do no damage.
The orc warrior is moderately wounded.
The orc warrior barely misses you.
You hit the orc warrior but do no damage.
The orc warrior is moderately wounded.
The orc warrior barely misses you. The giant cockroach closely misses you.
Drink which item? (? for menu, Esc to quit)
You feel very mighty all of a sudden. The giant cockroach misses you.
The giant cockroach is struck by your spines.
You kill the giant cockroach!
You are feeling very hungry.
The orc warrior hits you with a scimitar of electrocution!
You die... .█...............█ ██████

.█...............████......
.█.....██........██......█
.█.........█.█...██(....█
██......█..█.█...█......█
...........█.█........███
........██.█.█.█.██████
.....██..█ █.█.█o█
.∩...██.██ █.█.█@█
.██>..█.█ █.█.█.█ .██.█.█.█
█.█.█.█ ███.█)†.█ █.█.█.█
.<......██.█ █.█
██████...█.█ ..█
P♣.█♣█.....█.█ ..█
PPPP██.....█.█ .██
♣PPPP█..........


You could see an orc warrior.

Vanquished Creatures
  A scorpion (D:4)
  An orc wizard (D:3)
  A hound (D:4)
  A hound skeleton (D:4)
  An adder (D:2)
  3 worms
  12 orcs
  8 bats
  7 giant cockroaches
  4 goblins
  9 hobgoblins
  20 jackals
  2 quokkas
  10 giant newts
  6 kobolds
  11 rats
97 creatures vanquished.

Notes
Turn   | Place    | Note
--------------------------------------------------------------
     0 | D:1      | Goblin1989 the Demonspawn Monk began the quest for the Orb.
     0 | D:1      | Reached XP level 1. HP: 18/18 MP: 1/1
   238 | D:1      | Reached skill level 4 in Unarmed Combat
   283 | D:1      | Gained mutation: You are partially covered in icy blue scales (AC +1). [demonic ancestry]
   283 | D:1      | Reached XP level 2. HP: 22/24 MP: 2/2
   792 | D:2      | Reached XP level 3. HP: 14/29 MP: 3/3
  1362 | D:2      | Reached skill level 5 in Unarmed Combat
  1518 | D:3      | Reached XP level 4. HP: 26/35 MP: 4/4
  2010 | D:3      | Found a glowing golden altar of the Shining One.
  2014 | D:3      | Found a deep blue altar of Sif Muna.
  2017 | D:3      | Found a white marble altar of Elyvilon.
  2020 | D:3      | Found a sparkling altar of Nemelex Xobeh.
  2113 | D:3      | Gained mutation: You are partially covered in sharp spines. [demonic ancestry]
  2113 | D:3      | Reached XP level 5. HP: 38/41 MP: 5/5
  2377 | D:4      | Reached skill level 6 in Unarmed Combat
  2410 | D:4      | Found Mecu's General Store.
  2455 | D:4      | Found a blossoming altar of Fedhas.
  2469 | D:4      | Noticed an oklob plant
  2530 | D:4      | Bought a potion of might for 40 gold pieces
  2584 | D:4      | Found a shadowy altar of Dithmenos.
  2656 | D:4      | Noticed an orc warrior
  2673 | D:4      | Slain by an orc warrior

Action                   |  1- 3 |  4- 6 || total
-------------------------+-------+-------++-------
Melee: Unarmed           |   186 |   152 ||   338
  Use: Potion            |       |     1 ||     1
 Stab: Sleeping          |     2 |       ||     2
  Eat: Chunk             |     1 |     4 ||     5

Vault maps used:
D:1:      mushboom_english_gardens
D:2:      first_bread, hangedman_decor_opposing, minmay_box_of_dots
D:3:      grunt_temple_overflow_cloverleaf
D:4:      minmay_opposing_rooms, tgw_fedhas, serial_co_window_serial,
          co_window_of_opportunity_a, co_window_paths_a, co_window_corner_a,
          co_window_paths_a, co_window_of_opportunity_a,
          co_window_of_opportunity_a, co_window_paths_a, co_window_corner_cb,
          co_window_2corner, co_window_paths_c, co_window_of_opportunity_b,
          co_window_paths_c, co_window_2corner, glass_columns_a, serial_shops,
          shop, nicolae_dithmenos_the_darkroom, uniq_grinder
